1922 views
Uploaded 2022-11-19 06:46:58
Game version 1.33
17:33 long 1on1 ladder game on (2)SwampedTemple
Saved by ZueD
1922 views
Uploaded 2022-11-19 06:46:58
Game version 1.33
17:33 long 1on1 ladder game on (2)SwampedTemple

36 units @ 4.7k
/ 0.4k
24 buildings @ 3.7k
/ 1.4k



| Rod of Necromancy | 2 | 300 |
| Sacrificial Skull | 1 | 50 |
| Ritual Dagger | 1 | 125 |
| Orb of Corruption | 1 | 375 |
| Potion of Healing | 1 | 150 |
| Boots of Speed | 1 | 250 |
| Staff of Teleportation | 1 | 150 |
| total: | 8 | 1400g |
| Acolyte | 10 | 750 | / | 0 |
| Ghoul | 16 | 1920 | / | 0 |
| Crypt Fiend | 2 | 430 | / | 80 |
| Obsidian Statue | 8 | 1600 | / | 280 |
| total: | 36 | 4700g | / | 360w |
| Nerubian Tower | 2 | 200 | / | 40 |
| Spirit Tower | 1 | 145 | / | 40 |
| Crypt | 2 | 400 | / | 100 |
| Altar of Darkness | 1 | 180 | / | 50 |
| Ziggurat | 16 | 2400 | / | 800 |
| Tomb of Relics | 1 | 130 | / | 30 |
| Graveyard | 1 | 215 | / | 0 |
| Slaughterhouse | 3 | 420 | / | 405 |
| Halls of the Dead | 1 | 320 | / | 210 |
| Black Citadel | 1 | 325 | / | 230 |
| total: | 24 | 3745g | / | 1385w |
| 0:01 | Acolyte |
| 0:01 | Acolyte |
| 0:03 | Crypt |
| 0:05 | Crypt |
| 0:09 | Altar of Darkness |
| 0:22 | Ziggurat |
| 0:30 | Acolyte |
| 0:56 | Tomb of Relics |
| 1:07 | Ghoul |
| 1:14 | Ghoul |
| 1:29 | Ziggurat |
| 1:41 | Ghoul |
| 1:53 | Ghoul |
| 2:10 | Rod of Necromancy |
| 2:14 | Sacrificial Skull |
| 2:16 | Carrion Beetles |
| 2:25 | Ghoul |
| 2:36 | Ghoul |
| 2:46 | Acolyte |
| 3:01 | Ghoul |
| 3:14 | Ghoul |
| 3:28 | Spiked Carapace |
| 3:42 | Nerubian Tower |
| 3:57 | Ziggurat |
| 4:38 | Acolyte |
| 4:39 | Boots of Speed |
| 4:53 | Ghoul |
| 5:06 | Nerubian Tower |
| 5:07 | Acolyte |
| 5:07 | Acolyte |
| 5:08 | Acolyte |
| 5:22 | Ghoul |
| 5:30 | Carrion Beetles |
| 5:41 | Ghoul |
| 5:46 | Acolyte |
| 6:15 | Halls of the Dead |
| 6:18 | Ghoul |
| 6:30 | Ziggurat |
| 6:36 | Graveyard |
| 6:49 | Ziggurat |
| 6:50 | Ghoul |
| 6:58 | Staff of Teleportation |
| 7:04 | Rod of Necromancy |
| 7:07 | Ritual Dagger |
| 7:30 | Ghoul |
| 7:31 | Ghoul |
| 7:48 | Ghoul |
| 8:01 | Crypt Fiend |
| 8:34 | Ziggurat |
| 8:36 | Crypt Fiend |
| 8:47 | Black Citadel |
| 8:49 | Slaughterhouse |
| 8:51 | Slaughterhouse |
| 9:08 | Ziggurat |
| 9:26 | Ziggurat |
| 9:37 | Slaughterhouse |
| 10:05 | Obsidian Statue |
| 10:06 | Obsidian Statue |
| 10:20 | Creature Attack |
| 10:26 | Ziggurat |
| 10:53 | Obsidian Statue |
| 10:57 | Ziggurat |
| 11:01 | Death Coil |
| 11:33 | Destroyer Form |
| 11:34 | Ghoul Frenzy |
| 11:46 | Improved Creature Attack |
| 12:10 | Obsidian Statue |
| 12:11 | Obsidian Statue |
| 12:11 | Obsidian Statue |
| 12:14 | Spiked Carapace |
| 12:40 | Obsidian Statue |
| 13:18 | Orb of Corruption |
| 13:18 | Potion of Healing |
| 13:43 | Ziggurat |
| 14:29 | Unholy Aura |
| 14:36 | Spirit Tower |
| 14:38 | Ziggurat |
| 14:39 | Ziggurat |
| 14:41 | Ziggurat |
| 15:10 | Frost Nova |
| 15:21 | Death Coil |
| 16:01 | Carrion Beetles |
| 16:15 | Obsidian Statue |
| 16:17 | Acolyte |
| 17:09 | Ziggurat |
| 17:09 | Ziggurat |
| Select group | 1278 |
| Right click | 1014 |
| Select | 569 |
| Misc. action | 337 |
| Build/train/purchase | 141 |
| Assign group | 120 |
| Use ability | 47 |
| Esc | 13 |
| Item give/drop | 2 |
47 units @ 5.3k
/ 0.3k
29 buildings @ 2.9k
/ 1.6k



| Lesser Clarity Potion | 2 | 140 |
| Scroll of Regeneration | 2 | 200 |
| Potion of Healing | 2 | 300 |
| Scroll of Healing | 1 | 250 |
| Boots of Speed | 1 | 250 |
| Potion of Lesser Invulnerability | 3 | 450 |
| total: | 11 | 1590g |
| Peasant | 30 | 2250 | / | 0 |
| Footman | 9 | 1215 | / | 0 |
| Spell Breaker | 3 | 645 | / | 90 |
| Gryphon Rider | 3 | 840 | / | 210 |
| Dragonhawk Rider | 1 | 200 | / | 30 |
| Forest Troll Shadow Priest | 1 | 195 | / | 10 |
| total: | 47 | 5345g | / | 340w |
| Scout Tower | 8 | 240 | / | 160 |
| Arcane Tower | 2 | 140 | / | 100 |
| Guard Tower | 4 | 280 | / | 200 |
| Altar of Kings | 1 | 180 | / | 50 |
| Barracks | 1 | 160 | / | 60 |
| Farm | 9 | 720 | / | 180 |
| Town Hall | 1 | 385 | / | 205 |
| Lumber Mill | 1 | 120 | / | 0 |
| Arcane Vault | 1 | 130 | / | 30 |
| Blacksmith | 1 | 140 | / | 60 |
| Arcane Sanctum | 2 | 300 | / | 280 |
| Gryphon Aviary | 4 | 560 | / | 600 |
| Keep | 1 | 320 | / | 210 |
| Castle | 1 | 360 | / | 210 |
| total: | 29 | 2935g | / | 1625w |
| 0:01 | Peasant |
| 0:04 | Altar of Kings |
| 0:12 | Peasant |
| 0:18 | Barracks |
| 0:23 | Peasant |
| 0:32 | Farm |
| 0:34 | Peasant |
| 0:47 | Farm |
| 0:51 | Peasant |
| 1:12 | Peasant |
| 1:19 | Footman |
| 1:25 | Farm |
| 1:30 | Peasant |
| 1:43 | Footman |
| 1:50 | Peasant |
| 1:50 | Peasant |
| 1:50 | Peasant |
| 2:02 | Farm |
| 2:05 | Summon Water Elemental |
| 2:20 | Peasant |
| 2:23 | Footman |
| 2:31 | Peasant |
| 2:45 | Forest Troll Shadow Priest |
| 3:15 | Footman |
| 3:18 | Brilliance Aura |
| 3:33 | Town Hall |
| 3:44 | Scout Tower |
| 3:59 | Lumber Mill |
| 4:17 | Arcane Tower |
| 4:20 | Scout Tower |
| 4:21 | Scout Tower |
| 4:26 | Summon Water Elemental |
| 4:33 | Peasant |
| 4:51 | Guard Tower |
| 5:04 | Peasant |
| 5:05 | Footman |
| 5:12 | Peasant |
| 5:18 | Peasant |
| 5:40 | Peasant |
| 5:40 | Peasant |
| 5:56 | Peasant |
| 6:11 | Peasant |
| 6:20 | Peasant |
| 6:24 | Peasant |
| 6:38 | Peasant |
| 6:38 | Peasant |
| 6:47 | Scout Tower |
| 6:49 | Scout Tower |
| 7:05 | Peasant |
| 7:05 | Peasant |
| 7:15 | Guard Tower |
| 7:15 | Guard Tower |
| 7:31 | Peasant |
| 7:32 | Peasant |
| 7:35 | Footman |
| 7:51 | Peasant |
| 7:53 | Peasant |
| 8:07 | Brilliance Aura |
| 8:23 | Keep |
| 8:30 | Footman |
| 9:00 | Footman |
| 9:05 | Arcane Vault |
| 9:11 | Blacksmith |
| 9:12 | Farm |
| 9:13 | Farm |
| 9:19 | Footman |
| 10:10 | Lesser Clarity Potion |
| 10:10 | Scroll of Regeneration |
| 10:22 | Scout Tower |
| 10:26 | Scroll of Regeneration |
| 10:26 | Lesser Clarity Potion |
| 10:27 | Farm |
| 10:28 | Iron Forged Swords |
| 10:51 | Castle |
| 10:55 | Arcane Sanctum |
| 10:58 | Arcane Sanctum |
| 10:59 | Arcane Tower |
| 11:08 | Scout Tower |
| 11:10 | Scout Tower |
| 11:32 | Potion of Healing |
| 11:38 | Potion of Healing |
| 11:41 | Improved Lumber Harvesting |
| 11:47 | Storm Bolt |
| 12:08 | Spell Breaker |
| 12:09 | Spell Breaker |
| 12:33 | Farm |
| 12:35 | Gryphon Aviary |
| 12:36 | Gryphon Aviary |
| 12:36 | Gryphon Aviary |
| 12:39 | Gryphon Aviary |
| 12:43 | Boots of Speed |
| 12:43 | Potion of Lesser Invulnerability |
| 12:53 | Steel Forged Swords |
| 13:02 | Thunder Clap |
| 13:06 | Spell Breaker |
| 13:37 | Potion of Lesser Invulnerability |
| 13:54 | Storm Hammers |
| 13:58 | Farm |
| 14:00 | Thunder Clap |
| 14:03 | Scroll of Healing |
| 14:08 | Guard Tower |
| 14:21 | Holy Light |
| 14:23 | Gryphon Rider |
| 14:33 | Gryphon Rider |
| 14:53 | Gryphon Rider |
| 16:58 | Potion of Lesser Invulnerability |
| 17:04 | Storm Bolt |
| 17:26 | Dragonhawk Rider |
| Right click | 1144 |
| Select | 593 |
| Select group | 582 |
| Build/train/purchase | 130 |
| Assign group | 55 |
| Misc. action | 45 |
| Use ability | 22 |
| Item give/drop | 1 |